 Dungeon Crawl Stone Soup version 0.27-a0-1559-g299f9947c5 (webtiles) character file.

Game seed: 2807331870705890314

39 Lemonice the Skirmisher (level 3, -4/29 HPs)
             Began as a Formicid Abyssal Knight on July 16, 2021.
             Was a Follower of Lugonu.
             Killed by divine providence
             ... invoked by an orc priest
              (16 damage)
             ... on level 3 of the Dungeon.
             The game lasted 00:03:04 (2274 turns).

Lemonice the Skirmisher (Formicid Abyssal Knight)   Turns: 2274, Time: 00:03:05

Health: -4/29      AC:  3    Str: 17    XL:     3   Next: 67%
Magic:  5/5        EV: 11    Int: 11    God:    Lugonu [*.....]
Gold:   85         SH:  0    Dex: 10    Spells: 2/2 levels left

rFire    . . .     SeeInvis +   a - +2 hand axe (freeze)
rCold    . . .     Faith    .   (no shield)
rNeg     . . .     Spirit   .   b - +0 leather armour
rPois    .         Reflect  .   (helmet unavailable)
rElec    .         Harm     .   (no cloak)
rCorr    .         Rampage  .   (no gloves)
Will     +....                  (no boots)
Stlth    +.........             (no amulet)
HPRegen  0.09/turn              d - ring of willpower
MPRegen  0.09/turn              (no ring)

@: no status effects
A: permanent stasis, dig shafts and tunnels, antennae 3, four strong arms
a: Dig, Shaft Self, Renounce Religion, Depart the Abyss


You were on level 3 of the Dungeon.
You worshipped Lugonu.
Lugonu was aware of your devotion.
You visited 1 branch of the dungeon, and saw 3 of its levels.
You visited the Abyss 1 time.

You collected 85 gold pieces.

Inventory:

Hand Weapons
 a - a +2 hand axe of freezing (weapon)
Armour
 b - a +0 leather armour (worn)
Jewellery
 d - a ring of willpower (left hand)
Scrolls
 c - a scroll of brand weapon
 f - a scroll of acquirement {unknown}
Potions
 e - a potion of heal wounds
 j - a potion of mutation


   Skills:
 + Level 3.6 Fighting
 * Level 2.7 Axes
 + Level 2.7 Armour
 - Level 1.0 Dodging
 + Level 2.7 Invocations


You had 2 spell levels left.
You didn't know any spells.
Your spell library was empty.

Dungeon Overview and Level Annotations

Branches:
Dungeon (3/15)

Altars:


Innate Abilities, Weirdness & Mutations

You cannot be hasted, slowed, berserked, paralysed or teleported.
You can dig through walls and to a lower floor.
You have a pair of large antennae on your head. (SInv)
Your four strong arms can wield two-handed weapons with a shield.


Message History

You completely miss the bat. The bat misses you.
You hit the bat. You freeze the bat.
The bat is severely wounded.
The bat barely misses you. The bat hits you but does no damage.
You slash the bat! You freeze the bat.
You kill the bat!
Lugonu accepts your kill.
There is a stone staircase leading down here.
Found a leather armour.
Found an escape hatch in the ceiling.
You see here a +0 leather armour.
Found a scroll of brand weapon and a scroll labelled NAINTI LAEC.
Found a leather armour.
c - a scroll of brand weapon
f - a scroll labelled NAINTI LAEC
There is an escape hatch in the ceiling here.
An orc comes into view. It is wielding a +0 falchion.
An orc priest comes into view. It is wielding a +0 whip.
An orc wizard comes into view. It is wielding a +0 dagger.
The orc wizard shouts!
You hear the slow rusting of a very distant drain.
You hit the orc. You freeze the orc.
The orc is almost dead.
The orc barely misses you.
A bat comes into view.
You closely miss the orc.
The orc is almost dead.
The orc completely misses you. The orc hits you with a +0 falchion.
You hit the orc. You freeze the orc.
You kill the orc!
Lugonu accepts your kill.
You hit the orc priest. You freeze the orc priest.
The orc priest is moderately wounded.
The orc priest calls down the wrath of Beogh upon you.
Beogh smites you! The orc priest closely misses you.
You hit the orc priest. You freeze the orc priest.
The orc priest is severely wounded.
The orc priest invokes the aid of Beogh against you.
Beogh smites you!
Ouch! That really hurt!
You die...

#..# ..# ..# { ..# #b##.#
#o##.# #. #o##.# #.
#####@##.###
#.####..w.......# #
#...............# ##.
#..###<###.##...####... {
#..# #.# #.........#.##?..
###..###.###..##..#.........
#.............##..##.#.####
#.#..###.###.###..##.# #
#.#[.# #w###.###w.##.#


You could see a worm, an orc priest, an orc wizard and a bat.

Vanquished Creatures
  An orc (D:3)
  3 ball pythons
  4 bats
  6 endoplasms
  5 goblins
  3 hobgoblins (D:1)
  A kobold (D:1)
  2 quokkas (D:1)
  4 frilled lizards
  4 rats
33 creatures vanquished.

Notes
Turn   | Place    | Note
-------+----------+-------------------------------------------
     0 | Abyss:1  | Lemonice the Formicid Abyssal Knight began the quest for
                  | the Orb.
     0 | Abyss:1  | Reached XP level 1. HP: 18/18 MP: 2/2
    59 | Abyss:1  | Noticed a will-o-the-wisp
    60 | D:1      | Escaped the Abyss
   180 | D:1      | Reached skill level 1 in Dodging
   333 | D:1      | Reached XP level 2. HP: 24/24 MP: 3/3
   569 | D:1      | Reached * piety under Lugonu
   879 | D:1      | Reached XP level 3. HP: 28/29 MP: 4/4
  2274 | D:3      | Killed from afar by an orc priest

Illustrated notes

Levels and vault maps discovered:
D:1:      heliophobic_arrival_henge, layout_basic
D:2:      layout_loops_cross
D:3:      layout_loops_ring, gup_sewer_entry_glass, uniq_grinder, uniq_natasha,
          uniq_robin

Skill      XL: |  1 |
---------------+----+-----
Dodging        | 1 |  1.0
Fighting       | |  3.6
Axes           | |  2.7
Armour         | |  2.7
Invocations    | |  2.7

Action                   || total
-------------------------++-------
Melee: Hand axe          ||    92
Invok: Depart the Abyss  ||     1
  Use: Scroll            ||     6
Armor: Leather armour    ||    34
Dodge: Dodged            ||    67

Table legend: (Time is in decaauts)
 A = Elapsed time spent in this place.
 B = Non-inter-level travel time spent in this place.
 C = Inter-level travel time spent in this place.
 D = Time resting spent in this place.
 E = Time spent auto-exploring this place.
 F = Levels seen in this place.
 G = Mean time per level.
                   A        B        C        D        E       F      G
               +--------+--------+--------+--------+--------+-----+--------+
         Total |   2288 |   2242 |     46 |      0 |   1857 |   4 |  572.0 |
       Dungeon |   2228 |   2182 |     46 |      0 |   1798 |   3 |  742.7 |
         Abyss |     60 |     60 |      0 |      0 |     59 |   1 |   60.0 |
               +--------+--------+--------+--------+--------+-----+--------+

Top non-repeatable levels by time:
     D:1: 1254 daAuts
     D:2: 867 daAuts
     D:3: 106 daAuts
 Abyss:1: 60 daAuts
